 Dungeon Crawl Stone Soup version 0.20.0-10-g0535bb4 (webtiles) character file.

61940 Chiseanne the Thaumaturge (level 14, -6/108 HPs)
             Began as a Demonspawn Wanderer on June 6, 2017.
             Was a High Priest of Vehumet.
             Mangled by a ynoxinul (10 damage)
             ... summoned by an orc sorcerer
             ... while paralysed by an orc sorcerer
             ... on level 1 of the Orcish Mines.
             The game lasted 01:45:57 (27563 turns).

Chiseanne the Thaumaturge (Demonspawn Wanderer)    Turns: 27563, Time: 01:45:58

Health: -6/108     AC:  6    Str: 18    XL:     14   Next: 62%
Magic:  0/46       EV:  2    Int: 26    God:    Vehumet [*****.]
Gold:   1544       SH:  0    Dex: 24    Spells: 10/39 levels left

rFire    + . .     SeeInvis .   d - staff of power
rCold    . . .     Gourm    .   t - +0 shield
rNeg     . . .     Faith    .   z - +0 robe of Ru's Anger {rPois Int+8 Dex-3} (curse)
rPois    +         Spirit   +   (helmet unavailable)
rElec    .         Reflect  +   F - +0 cloak of Complete Protection {rPois rCorr Str+4 Int+2}
rCorr    +         Harm     .   b - +0 pair of gloves {Str+3}
MR       +....                  Q - +1 pair of boots of the Undertaker {rCorr Dex+5}
Stlth    ++........             l - +5 amulet of reflection
Regen    0.3/turn               A - ring of wizardry
MPRegen  0.6/turn               n - +5 ring of dexterity

@: paralysed, very slightly contaminated, drained
A: horns 3, repulsion field 2, fire resistance 1, magic shield, magic
regeneration
a: Renounce Religion


You were on level 1 of the Orcish Mines.
You worshipped Vehumet.
Vehumet was extremely pleased with you.
You were not hungry.

You visited 4 branches of the dungeon, and saw 20 of its levels.
You also visited: Sewer and Volcano.

You collected 1544 gold pieces.

Inventory:

Hand Weapons
 a - a +3 dagger of venom
 h - the +7 flail "Keickil" {flame, -Tele rC++ Str+4 Stlth+}
   (You took it off a rakshasa on level 11 of the Dungeon)

   It has been specially enchanted to burn those struck by it, causing extra
   injury to most foes and up to half again as much damage against particularly
   susceptible opponents.
   It affects your strength (+4).
   It greatly protects you from cold.
   It prevents most forms of teleportation.
   It makes you more stealthy.
 s - a +6 scimitar of flaming
 w - a +0 blowgun
 Y - a +2 scimitar of protection
Missiles
 y - 67 poisoned needles
 D - 3 throwing nets (quivered)
Armour
 b - a +0 pair of gloves of strength (worn)
 t - a +0 shield (worn)
 z - the cursed +0 robe of Ru's Anger (worn) {rPois Int+8 Dex-3}
   (You found it on level 4 of the Lair of Beasts)

   It affects your intelligence (+8).
   It affects your dexterity (-3).
   It protects you from poison.
   It has a curse placed upon it.
 F - the +0 cloak of Complete Protection (worn) {rPois rCorr Str+4 Int+2}
   (You found it on level 5 of the Dungeon)

   It affects your strength (+4).
   It affects your intelligence (+2).
   It protects you from poison.
   It protects you from acid and corrosion.
 Q - the +1 pair of boots of the Undertaker (worn) {rCorr Dex+5}
   (You found it on level 8 of the Dungeon)

   It affects your dexterity (+5).
   It protects you from acid and corrosion.
Magical Staves
 d - an uncursed staff of power (weapon)
Jewellery
 l - a +5 amulet of reflection (around neck)
 n - a +5 ring of dexterity (right hand)
 o - an uncursed amulet of magic regeneration {unknown}
 p - an uncursed ring of fire
 A - a ring of wizardry (left hand)
 H - an uncursed ring of protection from magic
 K - an uncursed amulet of the gourmand {unknown}
Wands
 E - a wand of acid (1/15)
 J - a wand of lightning (6/15)
 L - a wand of acid (8/15)
 S - a wand of acid (1/15)
 Z - a wand of acid (7/15)
Scrolls
 c - 3 scrolls of blinking
 e - 2 scrolls of recharging
 B - 3 scrolls of amnesia
 N - 5 scrolls of remove curse
 R - 6 scrolls of immolation
 W - 3 scrolls of teleportation
 X - a scroll of fog
Potions
 g - a potion of heal wounds
 i - 4 potions of resistance
 k - 3 potions of agility
 q - 5 potions of lignification
 r - 2 potions of magic
 v - 6 potions of curing
 C - a potion of might
 G - 2 potions of brilliance
 O - a potion of flight
 P - 2 potions of haste
 T - 2 potions of berserk rage
 U - a potion of ambrosia {unknown}
 V - a potion of mutation
Miscellaneous
 j - a phial of floods
 M - a fan of gales
Comestibles
 f - 13 bread rations
 m - 35 fruits
 u - 8 royal jellies
 I - 8 meat rations


   Skills:
 * Level 9.1(8.4) Fighting
 - Level 1.0(0.4) Throwing
 * Level 9.4(8.7) Dodging
 * Level 9.9(9.2) Shields
 - Level 1.0(0.4) Unarmed Combat
 * Level 13.1(12.3) Spellcasting
 - Level 11.6(10.8) Conjurations
 - Level 2.8(2.2) Fire Magic
 - Level 6.1(5.5) Air Magic
 - Level 2.0(1.4) Poison Magic
 - Level 1.0(0.4) Evocations


You had 10 spell levels left.
You knew the following spells:

 Your Spells              Type           Power        Failure   Level  Hunger
a - Shock                 Conj/Air       ####         1%          1    None
b - Force Lance           Conj/Tloc      #####...     1%          4    None
c - Fireball              Conj/Fire      ######....   1%          5    ###....
d - Mephitic Cloud        Conj/Pois/Air  #####...     1%          3    None
e - Dazzling Spray        Conj/Hex       #####.       1%          3    None
f - Lightning Bolt        Conj/Air       ######....   1%          5    ###....
g - Static Discharge      Conj/Air       ######..     1%          3    None
h - Airstrike             Air            #####.....   1%          4    None
i - Apportation           Tloc           ###...       3%          1    None


Dungeon Overview and Level Annotations

Branches:
Dungeon (12/15)            Temple (1/1) D:5            Lair (6/6) D:9
 Shoals (0/4) Lair:3       Spider (0/4) Lair:4        Slime (0/5) Lair:5
    Orc (1/2) D:11

Altars:
Ashenzari
Cheibriados
Dithmenos
Elyvilon
Fedhas
Gozag
Hepliaklqana
Kikubaaqudgha
Makhleb
Nemelex Xobeh
Okawaru
Qazlal
Ru
Sif Muna
Trog
Uskayaw
Vehumet
Xom
Yredelemnul
Zin
The Shining One
Jiyva

Shops:
D:11 *

Portals:
Hell: Lair:6

Annotations:
D:7 exclusion: downstairs
D:8 DrakieV's ghost, novice DsGl
D:9 Struensee's ghost, journeyman OgBe
Lair:2 exclusion: oklob plant
Lair:5 1 runed door, exclusion: oklob plant


Innate Abilities, Weirdness & Mutations

You have a pair of large horns on your head.
You are surrounded by a moderate repulsion field. (EV +3)
Your flesh is heat resistant. (rF+)
When hurt, damage is shared between your health and your magic reserves.
You regenerate magic rapidly.


Message History

You suddenly lose the ability to move!
The red devil completely misses you.
The ynoxinul hits you but does no damage.
The orc sorcerer hits you but does no damage.
The orc knight roars a battlecry!
The orcs go into a battle-frenzy!
The red devil hits you from afar with a trident!
* * * LOW HITPOINT WARNING * * *
The ynoxinul hits you!
* * * LOW HITPOINT WARNING * * *
The orc sorcerer gestures at you while chanting.
You shrug off the repeated paralysis!
The orc knight hits you with a great sword of holy wrath.
* * * LOW HITPOINT WARNING * * *
You convulse.
* * * LOW HITPOINT WARNING * * *
The red devil hits you from afar with a trident!
* * * LOW HITPOINT WARNING * * *
The orc hits you with a club. The ynoxinul hits you!
You die...

.........................
..................>...#.##
.........................
.........$..............#
.$....................#.##
#.......>......#.........#
.........................#
.....)))oo................
....)..)o@.......#.#..##..
....)).43...........<.....
....)....#....#.....#.....
.#...#..####...#....###...
.....#### #...............
.... ##.............# ..$.
#####.#.##..### ##### ###


You could see an orc knight, a ynoxinul, an orc sorcerer, a red devil and an
orc.

Vanquished Creatures
  A dire elephant (Lair:6)
  A fire dragon (Volcano)
  Josephine (D:12)
  A rakshasa (D:11)
  5 hydras
  2 catoblepae
  8 two-headed ogres
  Erica (D:8)
  A tengu warrior (D:11)
  A sun demon (Lair:6)
  A skeletal warrior (D:12)
  A wizard (Lair:6)
  Pikel (D:7)
  An ugly thing (D:12)
  2 cyclopes (D:11)
  3 salamanders (Volcano)
  Maurice (D:9)
  Joseph (D:7)
  8 elephants
  A smoke demon (Lair:6)
  11 spiny frogs
  3 black mambas
  4 orange demons (Lair:6)
  5 komodo dragons
  5 rime drakes
  A tengu conjurer (D:10)
  A red devil (Lair:6)
  A polar bear (Lair:6)
  A hornet (D:9)
  A troll (D:10)
  30 blink frogs
  11 hippogriffs
  16 wyverns
  4 basilisks
  4 wraiths (D:12)
  A hungry ghost (D:11)
  6 fire bats (Volcano)
  45 yaks
  A steam dragon (Volcano)
  16 water moccasins
  An acid dragon (D:9)
  5 porcupines
  4 hell hounds (Lair:6)
  13 orc warriors
  4 sky beasts
  5 black bears
  A phantom (D:8)
  A slave (D:7)
  4 ice beasts
  9 ogres
  20 wolves
  9 centaurs
  14 crocodiles
  5 big kobolds
  20 bullfrogs
  4 scorpions
  A water moccasin skeleton (D:8)
  13 killer bees
  3 electric eels
  3 howler monkeys
  2 bullfrog zombies
  6 crimson imps
  A centaur zombie (D:6)
  8 hounds
  2 centaur skeletons
  8 orc wizards
  9 orc priests
  5 jellies
  An iguana (D:7)
  Jessica (D:2)
  2 bullfrog skeletons
  10 worker ants
  3 hound zombies
  2 hound skeletons
  A howler monkey zombie (D:8)
  2 worker ant zombies (D:11)
  18 adders
  7 shadow imps
  An ooze (D:3)
  An adder skeleton (D:9)
  8 worms
  2 dart slugs (D:1)
  9 leopard geckos
  74 orcs
  3 ball pythons
  11 bats
  12 giant cockroaches
  13 hobgoblins
  6 jackals
  7 quokkas
  14 frilled lizards
  8 goblins
  A jackal skeleton (D:4)
  23 kobolds
  A quokka skeleton (D:7)
  17 rats
  3 fungi
  6 plants
656 creatures vanquished.

Vanquished Creatures (others)
  A wyvern (Volcano)
  A steam dragon (Volcano)
  An adder (D:7)
  A kobold (D:3)
  4 fungi
  13 plants
21 creatures vanquished.

Grand Total: 677 creatures vanquished

Notes
Turn   | Place    | Note
-------+----------+-------------------------------------------
     0 | D:1      | Chiseanne the Demonspawn Wanderer began the quest for the Orb.
     0 | D:1      | Chiseanne set off with: a book of Air, the Tome of Terror, Catu's Compendium of Contamination, a +0 robe, a +0 dagger, a bread ration
     0 | D:1      | Reached XP level 1. HP: 15/15 MP: 2/2
     0 | D:1      | Identified the Tome of Terror
     0 | D:1      | Identified Catu's Compendium of Contamination
   390 | D:1      | Gained mutation: When hurt, damage is shared between your health and your magic reserves. [demonic ancestry]
   390 | D:1      | Reached XP level 2. HP: 13/21 MP: 3/3
   635 | D:1      | Learned a level 1 spell: Shock
  1119 | D:1      | Reached skill level 1 in Conjurations
  1281 | D:1      | Reached XP level 3. HP: 26/26 MP: 0/5
  1694 | D:1      | Learned a level 3 spell: Mephitic Cloud
  2179 | D:2      | Reached skill level 2 in Spellcasting
  2530 | D:2      | Reached XP level 4. HP: 32/32 MP: 1/7
  2802 | D:2      | Noticed Jessica
  2869 | D:2      | Killed Jessica
  4474 | D:3      | Gained mutation: You regenerate magic rapidly. [demonic ancestry]
  4474 | D:3      | Reached XP level 5. HP: 37/37 MP: 1/9
  4821 | D:3      | Reached skill level 3 in Spellcasting
  5420 | D:3      | Noticed an orc warrior
  6720 | D:4      | Reached XP level 6. HP: 43/43 MP: 5/11
  7053 | D:5      | Entered Level 5 of the Dungeon
  7294 | D:5      | Got a bloodstained cloak
  7305 | D:5      | Identified the cursed +0 cloak of Complete Protection {rPois rCorr Str+4 Int+2} (You found it on level 5 of the Dungeon)
  7341 | D:5      | Learned a level 3 spell: Static Discharge
  7380 | D:5      | Reached skill level 4 in Spellcasting
  7503 | D:5      | Found a staircase to the Ecumenical Temple.
  7547 | Temple   | Entered the Ecumenical Temple
  7658 | Temple   | Became a worshipper of Vehumet
  7993 | D:5      | Gained mutation: You are surrounded by a mild repulsion field. (EV +2) [demonic ancestry]
  7993 | D:5      | Reached XP level 7. HP: 48/48 MP: 2/13
  8059 | D:5      | Reached skill level 5 in Conjurations
  8208 | D:5      | Learned a level 4 spell: Airstrike
  8301 | D:5      | Reached skill level 5 in Spellcasting
  9152 | D:6      | Reached * piety under Vehumet
  9152 | D:6      | Offered knowledge of Flame Tongue by Vehumet.
  9159 | D:6      | Found a glowing drain.
  9201 | Sewer    | Entered a sewer
  9520 | Sewer    | Reached XP level 8. HP: 54/54 MP: 7/16
  9620 | D:6      | Reached skill level 6 in Spellcasting
 10033 | D:6      | Offered knowledge of Searing Ray by Vehumet.
 10040 | D:6      | Learned a level 2 spell: Searing Ray
 10048 | D:6      | Reached ** piety under Vehumet
 10563 | D:6      | Reached skill level 7 in Spellcasting
 10874 | D:7      | Noticed Joseph
 11133 | D:7      | Killed Joseph
 11133 | D:7      | Gained mutation: You have a pair of small horns on your head. [demonic ancestry]
 11133 | D:7      | Reached XP level 9. HP: 60/60 MP: 12/20
 11260 | D:7      | Reached skill level 8 in Spellcasting
 11282 | D:7      | Learned a level 5 spell: Lightning Bolt
 11852 | D:7      | Noticed Pikel
 11865 | D:7      | Killed Pikel
 12447 | D:8      | Noticed DrakieV's ghost (novice DsGl)
 12529 | D:8      | Noticed Erica
 12539 | D:8      | Killed Erica
 12539 | D:8      | Reached skill level 9 in Spellcasting
 12539 | D:8      | Gained mutation: You have a pair of horns on your head. [demonic ancestry]
 12539 | D:8      | Reached XP level 10. HP: 56/66 MP: 9/23
 12864 | D:8      | Noticed a two-headed ogre
 12886 | D:8      | Killed a two-headed ogre
 12886 | D:8      | Reached skill level 1 in Shields
 12886 | D:8      | Reached skill level 10 in Conjurations
 12904 | D:8      | Offered knowledge of Stone Arrow by Vehumet.
 12927 | D:8      | Learned a level 3 spell: Stone Arrow
 13267 | D:8      | Noticed a two-headed ogre
 13267 | D:8      | Noticed a two-headed ogre
 13269 | D:8      | Killed a two-headed ogre
 13269 | D:8      | Reached skill level 5 in Air Magic
 13272 | D:8      | Reached *** piety under Vehumet
 13358 | D:8      | Noticed a two-headed ogre
 13446 | D:8      | Killed a two-headed ogre
 13619 | D:8      | Noticed a two-headed ogre
 13621 | D:8      | Noticed a catoblepas
 13636 | D:8      | Killed a catoblepas
 13699 | D:8      | Got a pair of shimmering boots
 13725 | D:7      | Identified the +1 pair of boots of the Undertaker {rCorr Dex+5} (You found it on level 8 of the Dungeon)
 13746 | D:8      | Noticed a two-headed ogre
 13756 | D:8      | Killed a two-headed ogre
 13756 | D:8      | Reached skill level 10 in Spellcasting
 13756 | D:8      | Reached XP level 11. HP: 71/71 MP: 17/25
 13839 | D:8      | Killed a two-headed ogre
 14139 | D:9      | Offered knowledge of Force Lance by Vehumet.
 14146 | D:9      | Learned a level 4 spell: Force Lance
 14873 | D:9      | Noticed Struensee's ghost (journeyman OgBe)
 15312 | D:9      | Learned a level 3 spell: Dazzling Spray
 15371 | D:9      | Found a staircase to the Lair.
 15381 | D:9      | Noticed Maurice
 15395 | D:9      | Killed Maurice
 15395 | D:9      | Reached **** piety under Vehumet
 15606 | D:10     | Entered Level 10 of the Dungeon
 15654 | D:10     | Offered knowledge of Fireball by Vehumet.
 15803 | D:9      | Learned a level 5 spell: Fireball
 15835 | Lair:1   | Entered Level 1 of the Lair of Beasts
 16242 | Lair:1   | Reached skill level 5 in Shields
 16362 | Lair:1   | Reached skill level 1 in Fire Magic
 17262 | Lair:2   | Found a radiant altar of Vehumet.
 17262 | Lair:2   | Noticed an oklob plant
 17267 | Lair:2   | Noticed an eight-headed hydra
 17557 | Lair:2   | Gained mutation: Your flesh is heat resistant. (rF+) [demonic ancestry]
 17557 | Lair:2   | Reached XP level 12. HP: 72/80 MP: 24/26
 17630 | Lair:2   | Noticed an eight-headed hydra
 17637 | Lair:2   | Killed a six-headed hydra
 18431 | Lair:3   | Found a staircase to the Shoals.
 18548 | Lair:3   | Found a dark tunnel.
 18556 | Volcano  | Entered a volcano
 18690 | Volcano  | Reached skill level 5 in Dodging
 18743 | Volcano  | Noticed a two-headed ogre
 18755 | Volcano  | Killed a two-headed ogre
 18755 | Volcano  | Reached skill level 11 in Spellcasting
 18823 | Volcano  | Reached ***** piety under Vehumet
 18823 | Volcano  | Offered knowledge of Bolt of Draining by Vehumet.
 19115 | Volcano  | Noticed a fire dragon
 19142 | Volcano  | Killed a fire dragon
 19556 | Lair:4   | Found a hole to the Spider Nest.
 19710 | Lair:4   | Reached skill level 5 in Fighting
 20013 | Lair:4   | Got a distressingly furry robe
 20265 | Lair:4   | Identified the cursed +0 robe of Ru's Anger {rPois Int+8 Dex-3} (You found it on level 4 of the Lair of Beasts)
 20636 | Lair:5   | Gained mutation: You are surrounded by a moderate repulsion field. (EV +3) [demonic ancestry]
 20636 | Lair:5   | Reached XP level 13. HP: 53/92 MP: 13/28
 21025 | Lair:5   | Found a runed door.
 21025 | Lair:5   | Found a viscous altar of Jiyva.
 21027 | Lair:5   | Noticed an acid blob
 21362 | Lair:5   | Found a staircase to the Slime Pits.
 21955 | Lair:6   | Entered Level 6 of the Lair of Beasts
 22846 | Lair:5   | Reached skill level 12 in Spellcasting
 22853 | Lair:5   | Offered knowledge of Ozocubu's Refrigeration by Vehumet.
 23625 | Lair:6   | Noticed a dire elephant
 23636 | Lair:6   | Killed a dire elephant
 24218 | Lair:6   | Gained mutation: You have a pair of large horns on your head. [demonic ancestry]
 24218 | Lair:6   | Reached XP level 14. HP: 91/104 MP: 15/30
 24297 | Lair:6   | Found a burning altar of Makhleb.
 24472 | Lair:6   | Found a gateway to Hell.
 25912 | D:11     | Found a staircase to the Orcish Mines.
 25958 | D:11     | Found Poneh's General Store.
 26107 | D:11     | Offered knowledge of Irradiate by Vehumet.
 26116 | D:11     | Learned a level 1 spell: Apportation
 26668 | D:11     | Identified a scroll of acquirement
 26685 | D:11     | Got a warped flail {flame}
 26686 | D:11     | Identified the +7 flail "Keickil" {flame, -Tele rC++ Str+4 Stlth+} (You took it off a rakshasa on level 11 of the Dungeon)
 26772 | D:11     | Found a runed door.
 26773 | D:11     | Found a runed door.
 26985 | D:12     | Reached skill level 13 in Spellcasting
 27133 | D:12     | Noticed Josephine
 27140 | D:12     | Killed Josephine
 27520 | Orc:1    | Entered Level 1 of the Orcish Mines
 27539 | Orc:1    | Found a radiant altar of Vehumet.
 27560 | Orc:1    | Paralysed by an orc sorcerer for 5 turns
 27563 | Orc:1    | HP: 4/108 [red devil/trident[an orc sorcerer] (9)]
 27563 | Orc:1    | Mangled by a ynoxinul

Skill      XL: |  1  2  3  4  5  6  7  8  9 10 11 12 13 14 |
---------------+-------------------------------------------+-----
Conjurations   | 1 2 3 4 6 8 9 10 11 | 11.6
Spellcasting   | 2 3 4 5 7 9 10 11 12 13 | 13.1
Air Magic      | 3 5 6 |  6.1
Shields        | 3 5 7 9 |  9.9
Dodging        | 2 4 6 8 9 |  9.4
Fighting       | 2 5 7 9 |  9.1
Fire Magic     | 2 |  2.8
Throwing       | |  1.0
Unarmed Combat | |  1.0
Poison Magic   | |  2.0
Evocations     | |  1.0

Action                   |  1- 3 |  4- 6 |  7- 9 | 10-12 | 13-15 || total
-------------------------+-------+-------+-------+-------+-------++-------
Melee: Short sword       |   131 |    24 |       |       |       ||   155
       Quarterstaff      |       |    97 |    38 |       |       ||   135
       Dagger            |       |       |    20 |   301 |   178 ||   499
       Headbutt          |       |       |     5 |   142 |   100 ||   247
       Scimitar          |       |       |       |   104 |    68 ||   172
       Staff             |       |       |       |       |     3 ||     3
 Fire: Blowgun           |       |       |       |    11 |    13 ||    24
 Cast: Shock             |    65 |   241 |   287 |   364 |   224 ||  1181
       Mephitic Cloud    |       |     9 |    10 |    32 |    41 ||    92
       Static Discharge  |       |       |    41 |    51 |    26 ||   118
       Searing Ray       |       |       |     3 |       |       ||     3
       Fireball          |       |       |       |    31 |   122 ||   153
       Force Lance       |       |       |       |     4 |   134 ||   138
       Airstrike         |       |       |       |     5 |     8 ||    13
       Dazzling Spray    |       |       |       |       |    12 ||    12
       Lightning Bolt    |       |       |       |       |     1 ||     1
Evoke: Wand              |       |       |       |     3 |       ||     3
       Phial of floods   |       |       |       |     1 |       ||     1
  Use: Scroll            |     6 |     8 |     5 |     8 |     7 ||    34
       Potion            |     1 |     2 |     2 |     5 |     1 ||    11
 Stab: Invisible         |       |     1 |       |       |       ||     1
       Confused          |       |       |     1 |     8 |    16 ||    25
       Sleeping          |       |       |       |     3 |       ||     3
       Petrified         |       |       |       |       |     5 ||     5
  Eat: Chunk             |     6 |    20 |    15 |    32 |    26 ||    99
       Fruit             |       |     1 |     2 |     2 |     5 ||    10
Armor: Robe              |    32 |    18 |    36 |    63 |    21 ||   170
       Skin              |    11 |       |    13 |       |       ||    24
Dodge: Dodged            |    96 |    79 |   125 |   258 |   187 ||   745
Block: Other             |    37 |    34 |    50 |       |       ||   121
       Reflection        |     3 |     3 |     6 |    12 |     9 ||    33
       Shield            |       |       |       |   414 |   300 ||   714
       Rpst.: Scimitar   |       |       |       |    21 |    11 ||    32
